 Dungeon Crawl Stone Soup version 0.31.0-11-ge490571c62 (webtiles) character file.

Game seed: 7550518529238403005

911 Flugkiller the Chiller (level 8, 36/36 HPs)
             Began as a Vine Stalker Ice Elementalist on Feb 3, 2024.
             Quit the game in the Ecumenical Temple.
             The game lasted 00:05:01 (1615 turns).

Flugkiller the Chiller (VSIE)                       Turns: 1615, Time: 00:05:01

Health: 36/36      AC:  6    Str: 12    XL:     8   Next: 8%
Magic:  8/19       EV: 12    Int: 17    God:
Gold:   115        SH:  0    Dex: 14    Spells: 10/20 levels left

rFire   . . .        l - staff of cold
rCold   + . .        (no shield)
rNeg    + . .        e - +2 robe {rN+}
rPois   .            t - +0 helmet
rElec   .            n - +0 cloak
rCorr   .            (no gloves)
SInv    .            (no boots)
Will    ++...        (no amulet)
Stlth   ++           m - ring of willpower
HPRegen 1.06/turn    (no ring)
MPRegen 0.16/turn

%: guardian spirit
@: no status effects
A: fangs 3, regeneration 1, magic shield, antimagic bite, no potion heal 2
a: no special abilities


You were in the Ecumenical Temple.
You visited 2 branches of the dungeon, and saw 8 of its levels.

You collected 115 gold pieces.

Inventory:

Hand Weapons
 b - a +1 vampiric battleaxe
   (You took it off an orc warrior on level 7 of the Dungeon)
 g - a +0 dagger
   (You took it off a goblin on level 2 of the Dungeon)
 i - a +0 rapier
   (You found it on level 2 of the Dungeon)
Armour
 a - a +0 robe
 e - a +2 robe of positive energy (worn)
   (You found it on level 2 of the Dungeon)
 j - the +1 robe of Plog {rElec}
   (You found it on level 2 of the Dungeon)

   rElec:     It insulates you from electricity.
 n - a +0 cloak (worn)
   (You took it off Crazy Yiuf on level 3 of the Dungeon)
 t - a +0 helmet (worn)
   (You found it on level 4 of the Dungeon)
Magical Staves
 l - a staff of cold (weapon)
   (You took it off a goblin on level 3 of the Dungeon)
Jewellery
 c - a ring of ice
   (You found it on level 2 of the Dungeon)
 m - a ring of willpower (left hand)
   (You found it on level 2 of the Dungeon)
Wands
 v - a wand of mindburst (19)
   (You found it on level 7 of the Dungeon)
Scrolls
 d - a scroll of enchant armour
 o - a scroll of silence
 p - 2 scrolls of amnesia {unknown}
 s - a scroll of teleportation {unknown}
 u - a scroll of torment {unknown}
Potions
 k - a potion of berserk rage {unknown}
 q - 2 potions of curing


   Skills:
 - Level 1.5 Dodging
 - Level 2.4 Stealth
 + Level 6.7 Spellcasting
 + Level 7.5 Ice Magic


You had 10 spell levels left.
You knew the following spells:

 Your Spells              Type           Power      Damage    Failure   Level
a - Freeze                Ice            100%       1d10      1%          1
b - Frozen Ramparts       Ice            92%        1d14      1%          3
c - Ozocubu's Armour      Ice            46%        N/A       1%          3
d - Summon Ice Beast      Ice/Summ       27%        N/A       8%          3

Your spell library contained the following spells:

 Spells                   Type           Power      Damage    Failure   Level
 Magic Dart               Conj           20%        1d4       12%         1
 Sandblast                Erth           10%        2d5       12%         1
 Jinxbite                 Hex            10%        N/A       19%         2
 Searing Ray              Conj           10%        2d4       19%         2
 Fugue of the Fallen      Necr           5%         N/A       34%         3
 Passwall                 Erth           5%         N/A       34%         3
 Stone Arrow              Conj/Erth      10%        3d7       34%         3
 Brom's Barrelling Bould  Conj/Erth      5%         2d3       75%         4
 Fulminant Prism          Conj/Alch      2%         3d5       75%         4
 Manifold Assault         Tloc           5%         N/A       75%         4
 Yara's Violent Unravell  Hex/Alch       2%         3d3       97%         5
 Dispersal                Tloc           2%         N/A       100%        6
 Enfeeble                 Hex            2%         N/A       100%        7
 Disjunction              Tloc           2%         N/A       100%        8


Dungeon Overview and Level Annotations

Branches:
Dungeon (7/15) Zot: 26879  Temple (1/1) D:7 Zot: 5999

Altars:
Ashenzari
Dithmenos
Elyvilon
Fedhas
Gozag
Hepliaklqana
Makhleb
Okawaru
Qazlal
Ru
Trog
Uskayaw
Vehumet
Wu Jian
Xom
Zin
The Shining One

Shops:
D:3 [   D:5 [

Annotations:
D:2 Jessica


Innate Abilities, Weirdness & Mutations

You have razor-sharp teeth.
Your natural rate of healing is unusually fast.
When hurt, damage is shared between your health and your magic reserves.
Your bite disrupts and absorbs the magic of your enemies.
Potions cannot restore your health.


Message History

Press: ? - help, Shift-Dir - straight line, f/p - orc warrior
Aim: an orc warrior, wielding a +1 vampiric battleaxe and wearing a +0 chain mail (lightly wounded, ally target)
You feel a surge of power!
You freeze the orc warrior!
The orc warrior is heavily wounded.
The wall freezes the orc warrior!
The orc warrior misses you. The orc warrior misses your ice beast.
Your ice beast completely misses the orc warrior.
Casting: Freeze (safe; 1% risk of failure)
Confirm with . or Enter, or press ? or * to list all spells.
Aiming: Freeze (safe; 1% risk of failure)
Press: ? - help, Shift-Dir - straight line, f/p - orc warrior
Aim: an orc warrior, wielding a +1 vampiric battleaxe and wearing a +0 chain mail (severely wounded, ally target)
You feel a surge of power!
You freeze the orc warrior.
The orc warrior is severely wounded.
The wall freezes the orc warrior.
The orc warrior hits you with a +1 vampiric battleaxe.
The orc warrior barely misses your ice beast.
The wall freezes the orc priest but does no damage.
Your ice beast closely misses the orc warrior.
Casting: Freeze (safe; 1% risk of failure)
Confirm with . or Enter, or press ? or * to list all spells.
Aiming: Freeze (safe; 1% risk of failure)
Press: ? - help, Shift-Dir - straight line, f/p - orc warrior
Aim: an orc warrior, wielding a +1 vampiric battleaxe and wearing a +0 chain mail (almost dead, ally target)
You feel a surge of power!
You freeze the orc warrior!
You kill the orc warrior!
Your ice beast hits the orc priest.
Your ice beast freezes the orc priest!
The orc priest dies!
You have reached level 8!
You feel stronger.
Your teeth grow very long and razor-sharp.
The frozen ramparts melt away as you move.
Items here: ))) [ †.
b - a +1 vampiric battleaxe You start memorising the spell.
You continue memorising. x3
You finish memorising.
Spell assigned to 'c'.
Okay, then.
As you read the scroll of identify, it crumbles to dust.
h - a scroll of revelation
As you read the scroll of identify, it crumbles to dust.
o - a scroll of silence Unknown command.
As you read the scroll of revelation, it crumbles to dust.
You feel aware of your surroundings.
You sensed 1 altar.
Found a stone staircase leading up.
An iguana comes into view.
Casting: Freeze (safe; 1% risk of failure)
Confirm with . or Enter, or press ? or * to list all spells.
You feel a surge of power! A chill wind blows around you.
Your ice beast disappears in a puff of smoke!
The iguana bites your ice beast.
The iguana barely misses your ice beast.
Your ice beast closely misses the iguana.
The iguana bites you but does no damage.
Your ice beast hits the iguana but does no damage.
Casting: Summon Ice Beast (dangerous; 8% risk of failure)
Confirm with . or Enter, or press ? or * to list all spells.
Aiming: Freeze (safe; 1% risk of failure)
Press: ? - help, Shift-Dir - straight line, f - iguana
Aim: an iguana (ally target)
You feel a surge of power!
You freeze the iguana.
The iguana is heavily wounded.
The iguana seems to slow down.
Your ice beast barely misses the iguana.
Casting: Freeze (safe; 1% risk of failure)
Confirm with . or Enter, or press ? or * to list all spells.
Aiming: Freeze (safe; 1% risk of failure)
Press: ? - help, Shift-Dir - straight line, f/p - iguana
Aim: an iguana (heavily wounded, slow, ally target)
You feel a surge of power!
You freeze the iguana!
You kill the iguana!
Found a leather armour.
Found a stone staircase leading down and a stone staircase leading up.
You are starting to lose your buoyancy.
p - 2 scrolls labelled BYRPHA UWUAN (gained 1)
Found an escape hatch in the floor.
You float gracefully downwards.
There is a stone staircase leading down here.
Your enlightenment fades.
Found 16 gold pieces.
An orc comes into view. It is wielding a +0 hand axe.
A hound comes into view.
Found a staircase to the Ecumenical Temple.
The howler monkey howls!
An orc comes into view. It is wielding a +0 trident.
The orc shouts!
Found a scroll labelled IMUQAM YSISH.
The howler monkey hoots and howls with incredible vigour!
You hear a bark!
Unknown command.
There is a staircase to the Ecumenical Temple here.
The orc hits you but does no damage.
The orc hits your ice beast with a +0 hand axe.
Your ice beast hits the orc.
Your ice beast freezes the orc!
The orc dies!
You climb downwards.
Welcome to the Ecumenical Temple!
Found four altars.
Found a staircase back to the Dungeon.
There is a staircase back to the Dungeon here.
Unknown command.
Are you sure you want to abandon this character and quit the game? (Confirm with "yes".)

####### ######### #######
......### ###.......### ###......
_..._...###..._..._...###..._..._
.........#.............#.........
........###...........###........
.._.............@............._..
........###...........###........
.........#.............#.........
_..._...###..._..._...###..._..._
......### ###.......### ###......
####### ######### #######


There were no monsters in sight!

Vanquished Creatures
  An orc warrior (D:7)
  A black bear (D:4)
  A hound (D:5)
  A jelly (D:5)
  Crazy Yiuf (D:3)
  Natasha (thrice) (D:3)
  2 iguanas
  An orc wizard (D:4)
  4 adders
  2 gnolls (D:5)
  A dart slug (D:3)
  3 orcs
  A bat (D:2)
  3 endoplasms
  A giant cockroach (D:2)
  6 goblins
  2 hobgoblins (D:2)
  3 jackals (D:2)
  5 kobolds
  2 ball pythons
  2 rats
46 creatures vanquished.

Vanquished Creatures (collateral kills)
  Menkaure (D:4)
  A centaur (D:7)
  Blork the orc (D:4)
  An orc priest (D:7)
  3 iguanas
  A gnoll (D:5)
  An orc (D:7)
  A ball python (D:4)
10 creatures vanquished.

Grand Total: 56 creatures vanquished

Notes
Turn   | Place    | Note
-------+----------+-------------------------------------------
     0 | D:1      | Flugkiller the Vine Stalker Ice Elementalist began the
                  | quest for the Orb.
     0 | D:1      | Reached XP level 1. HP: 9/9 MP: 4/4
    75 | D:2      | Found a faded altar of an unknown god.
   215 | D:2      | Reached XP level 2. HP: 13/13 MP: 0/6
   274 | D:2      | Reached XP level 3. HP: 16/16 MP: 6/8
   535 | D:2      | Identified the +1 robe of Plog {rElec}
   537 | D:2      | Noticed Jessica
   620 | D:3      | Noticed Natasha
   627 | D:3      | Killed Natasha
   628 | D:3      | Reached XP level 4. HP: 21/21 MP: 3/10
   632 | D:3      | Learned a level 3 spell: Frozen Ramparts
   718 | D:3      | Found Ekirulel's Armour Emporium.
   724 | D:3      | Noticed Natasha
   736 | D:3      | Killed Natasha
   752 | D:3      | Reached skill level 5 in Ice Magic
   759 | D:3      | Noticed Natasha
   765 | D:3      | Killed Natasha
   766 | D:3      | Reached XP level 5. HP: 22/24 MP: 4/11
   807 | D:3      | Learned a level 3 spell: Summon Ice Beast
   808 | D:3      | Found a runed translucent door.
   809 | D:3      | Noticed Crazy Yiuf
   821 | D:3      | Killed Crazy Yiuf
   925 | D:4      | Noticed a black bear
   932 | D:4      | Noticed Menkaure
   932 | D:4      | Killed a black bear
   933 | D:4      | Reached XP level 6. HP: 12/28 MP: 1/14
   960 | D:4      | Killed Menkaure
   961 | D:4      | Reached skill level 5 in Spellcasting
   961 | D:4      | Reached skill level 6 in Ice Magic
   987 | D:4      | Reached XP level 7. HP: 32/32 MP: 1/16
  1035 | D:4      | Noticed Blork the orc
  1040 | D:4      | Killed Blork the orc
  1051 | D:4      | Found a radiant altar of Vehumet.
  1112 | D:5      | Entered Level 5 of the Dungeon
  1123 | D:5      | Found Tocihuip's Antique Armour Boutique.
  1244 | D:5      | Found a broken altar of Ashenzari.
  1244 | D:5      | Found a glowing silver altar of Zin.
  1468 | D:5      | Reached skill level 7 in Ice Magic
  1571 | D:7      | Gained mutation: You have razor-sharp teeth. [Vine Stalker
                  | growth]
  1571 | D:7      | Reached XP level 8. HP: 18/36 MP: 6/18
  1579 | D:7      | Learned a level 3 spell: Ozocubu's Armour
  1609 | D:7      | Found a staircase to the Ecumenical Temple.
  1614 | Temple   | Entered the Ecumenical Temple
  1615 | Temple   | Quit the game

Illustrated notes

Levels and vault maps discovered:
D:1:      kennysheep_arrival_forest, layout_loops_ring
D:2:      layout_loops_corners, chequers_ecumenical_altar_simple,
          minmay_worlds_worst_comb, uniq_jessica
D:3:      layout_rooms, serial_shops, shop, minmay_shallow_snake_nest,
          uniq_crazy_yiuf_cottage, uniq_ijyb, uniq_natasha
D:4:      nicolae_cairo_tiling_large, layout_loops_cross, kennysheep_mini,
          uniq_menkaure, uniq_sigmund, uniq_blork_the_orc, uniq_duvessa
D:5:      layout_layer_cave, gammafunk_temple_overflow_elements,
          chei_slow_surprise, serial_shops, nicolae_shop_pleasant_corner_grove
D:6:      layout_cave_pools, serial_shops, nicolae_shop_industrial_runoff,
          grunt_decor_resistance, minmay_door_square
D:7:      layout_rooms, tgw_kikubaaqudgha, minmay_temple_entry_sparse_star
Temple:   zaba_magenta_temple

Skill      XL: |  1  2  3  4  5  6  7 |
---------------+----------------------+-----
Spellcasting   | 3 4 5 6 |  6.7
Ice Magic      | 5 6 7 |  7.5
Dodging        | |  1.5
Stealth        | |  2.4

Action                     |  1- 3 |  4- 6 |  7- 9 || total
---------------------------+-------+-------+-------++-------
  Melee: Unarmed           |     3 |       |       ||     3
         Dagger            |    27 |       |       ||    27
         Bite              |    13 |     4 |     2 ||    19
         Rapier            |    18 |     8 |       ||    26
         Staff             |       |    12 |    14 ||    26
   Cast: Freeze            |    19 |     7 |    12 ||    38
         Frozen Ramparts   |       |     6 |     4 ||    10
         Summon Ice Beast  |       |     4 |     7 ||    11
    Use: Potion            |       |       |     3 ||     3
         Scroll            |       |       |     4 ||     4
   Stab: Sleeping          |     1 |       |       ||     1
         Distracted        |       |     1 |       ||     1
 Armour: Robe              |    26 |    33 |    20 ||    79
  Dodge: Dodged            |    50 |    14 |    25 ||    89
